2328 views
Uploaded 2024-03-11 20:54:31
Game version 1.36 (6115)
14:57 long 1on1 ladder game on (2)NorthernIsles_S2
Saved by Nox
2328 views
Uploaded 2024-03-11 20:54:31
Game version 1.36 (6115)
14:57 long 1on1 ladder game on (2)NorthernIsles_S2

27 units @ 3.7k
/ 0.4k
12 buildings @ 2k
/ 0.6k



| Rod of Necromancy | 3 | 450 |
| total: | 3 | 450g |
| Acolyte | 8 | 600 | / | 0 |
| Ghoul | 10 | 1200 | / | 0 |
| Crypt Fiend | 5 | 1075 | / | 200 |
| Obsidian Statue | 3 | 600 | / | 105 |
| Abomination | 1 | 240 | / | 70 |
| total: | 27 | 3715g | / | 375w |
| Altar of Darkness | 1 | 180 | / | 50 |
| Crypt | 1 | 200 | / | 50 |
| Ziggurat | 6 | 900 | / | 300 |
| Tomb of Relics | 1 | 130 | / | 30 |
| Graveyard | 1 | 215 | / | 0 |
| Necropolis | 1 | 225 | / | 0 |
| Slaughterhouse | 1 | 140 | / | 135 |
| Halls of the Dead | 1 | 320 | / | 210 |
| Black Citadel | 2 | 650 | / | 460 |
| total: | 12 | 1990g | / | 565w |
| 0:02 | Acolyte |
| 0:05 | Altar of Darkness |
| 0:06 | Crypt |
| 0:11 | Acolyte |
| 0:31 | Ziggurat |
| 0:44 | Acolyte |
| 1:01 | Tomb of Relics |
| 1:10 | Ghoul |
| 1:10 | Ghoul |
| 1:17 | Ghoul |
| 1:17 | Ghoul |
| 1:32 | Ziggurat |
| 1:45 | Ghoul |
| 1:58 | Ghoul |
| 2:20 | Rod of Necromancy |
| 2:22 | Death Coil |
| 2:41 | Ghoul |
| 2:42 | Halls of the Dead |
| 3:03 | Graveyard |
| 3:10 | Ghoul |
| 3:46 | Unholy Aura |
| 4:11 | Ziggurat |
| 4:57 | Rod of Necromancy |
| 4:59 | Ghoul |
| 5:00 | Crypt Fiend |
| 5:06 | Black Citadel |
| 5:32 | Death Coil |
| 5:45 | Slaughterhouse |
| 6:16 | Rod of Necromancy |
| 6:26 | Frost Nova |
| 6:59 | Ziggurat |
| 7:00 | Obsidian Statue |
| 7:00 | Obsidian Statue |
| 7:02 | Crypt Fiend |
| 7:41 | Ziggurat |
| 8:18 | Dark Ritual |
| 8:25 | Crypt Fiend |
| 8:38 | Destroyer Form |
| 8:40 | Web |
| 9:06 | Unholy Aura |
| 9:23 | Black Arrow |
| 9:37 | Crypt Fiend |
| 9:38 | Obsidian Statue |
| 10:11 | Creature Attack |
| 10:15 | Ghoul |
| 10:19 | Frost Nova |
| 10:40 | Crypt Fiend |
| 10:42 | Improved Creature Attack |
| 10:44 | Advanced Creature Attack |
| 10:45 | Abomination |
| 11:31 | Silence |
| 11:44 | Acolyte |
| 11:50 | Disease Cloud |
| 11:50 | Exhume Corpses |
| 12:34 | Necropolis |
| 12:45 | Creature Carapace |
| 12:50 | Acolyte |
| 13:35 | Acolyte |
| 13:35 | Acolyte |
| 13:35 | Acolyte |
| 14:14 | Death Coil |
| 14:20 | Ziggurat |
| 14:32 | Silence |
| 14:39 | Burrow |
| 14:42 | Frost Armor |
| 14:42 | Dark Ritual |
| Select group | 554 |
| Right click | 534 |
| Select | 297 |
| Build/train/purchase | 138 |
| Misc. action | 124 |
| Assign group | 51 |
| Use ability | 41 |
| Chat | 6 |
| Item give/drop | 3 |
| Esc | 3 |
/ 0.5k
11 buildings @ 1.2k
/ 0.4k

| Peasant | 7 | 525 | / | 0 |
| Footman | 2 | 270 | / | 0 |
| Rifleman | 4 | 820 | / | 120 |
| Knight | 4 | 980 | / | 240 |
| Priest | 3 | 405 | / | 30 |
| Goblin Shredder | 1 | 375 | / | 100 |
| total: | 21 | 3375g | / | 490w |
| Altar of Kings | 1 | 180 | / | 50 |
| Farm | 6 | 480 | / | 120 |
| Barracks | 1 | 160 | / | 60 |
| Lumber Mill | 1 | 120 | / | 0 |
| Blacksmith | 1 | 140 | / | 60 |
| Arcane Sanctum | 1 | 150 | / | 140 |
| Keep | 1 | 320 | / | 210 |
| Castle | 1 | 360 | / | 210 |
| total: | 11 | 1230g | / | 430w |
| 0:11 | Altar of Kings |
| 0:13 | Peasant |
| 0:13 | Peasant |
| 0:22 | Farm |
| 0:38 | Barracks |
| 0:44 | Peasant |
| 1:04 | Peasant |
| 1:37 | Lumber Mill |
| 1:48 | Footman |
| 1:58 | Farm |
| 2:32 | Blacksmith |
| 2:37 | Footman |
| 2:41 | Summon Water Elemental |
| 3:23 | Improved Lumber Harvesting |
| 4:12 | Rifleman |
| 4:14 | Black Gunpowder |
| 4:29 | Keep |
| 4:37 | Farm |
| 4:49 | Blizzard |
| 5:37 | Rifleman |
| 5:44 | Studded Leather Armor |
| 6:10 | Rifleman |
| 6:53 | Advanced Lumber Harvesting |
| 6:56 | Castle |
| 7:39 | Brilliance Aura |
| 7:49 | Rifleman |
| 7:52 | Iron Forged Swords |
| 7:53 | Iron Plating |
| 8:02 | Farm |
| 8:05 | Farm |
| 8:07 | Farm |
| 9:03 | Goblin Shredder |
| 9:22 | Knight |
| 10:03 | Knight |
| 10:19 | Arcane Sanctum |
| 10:31 | Animal War Training |
| 11:12 | Knight |
| 11:24 | Knight |
| 11:43 | Priest |
| 13:14 | Priest |
| 13:49 | Priest |
| 13:53 | Peasant |
| 13:53 | Peasant |
| 13:53 | Peasant |
| Select | 200 |
| Right click | 60 |
| Build/train/purchase | 42 |
| Use ability | 10 |
| Misc. action | 1 |